 Dungeon Crawl Stone Soup version 0.28.0-53-g5a82cb258f (webtiles) character file.

Game seed: 2400463977070662364

219375 Persephone the Warrior (level 18, -47/174 (180) HPs)
             Began as a Minotaur Hunter on July 6, 2022.
             Was a High Priest of Okawaru.
             Annihilated by an orc warlord
             ... wielding a +1 great sword of holy wrath
              (69 damage)
             ... on level 2 of the Elven Halls.
             The game lasted 01:19:27 (43153 turns).

Persephone the Warrior (Minotaur Hunter)           Turns: 43153, Time: 01:19:29

HP:   -47/174 (180) AC: 28    Str: 25    XL:     18   Next: 44%
MP:   23/27         EV: 13    Int:  8    God:    Okawaru [*****.]
Gold: 3113          SH:  5    Dex: 11    Spells: 17/17 levels left

rFire   + + .      SeeInvis +   O - +5 longbow (freeze)
rCold   + + .      Faith    .   (shield currently unavailable)
rNeg    . . .      Spirit   .   m - +4 storm dragon scales of Cepy {rElec Will++ Str+2}
rPois   +          Reflect  +   Q - +1 hat "Inubamijeh" {rF+ Stlth+}
rElec   +          Harm     +   V - scarf {harm}
rCorr   .          Rampage  .   L - +2 pair of gloves
Will    +++++                   W - +0 pair of boots of the Armadillo {rC+}
Stlth   ..........              u - amulet of reflection
HPRegen 0.39/turn               F - ring of Tugruar {rPois rC+ Will+++ Dex-4 Stlth-}
MPRegen 0.20/turn               h - ring of protection from fire

@: about to teleport, finesse-ful, studying Axes, lightly drained
A: horns 2, retaliatory headbutt, see invisible, agile 1, noise suppression
}: 1/15 runes: gossamer
a: Renounce Religion, Heroism, Finesse, Duel


You were on level 2 of the Elven Halls.
You worshipped Okawaru.
Okawaru was extremely pleased with you.
You visited 6 branches of the dungeon, and saw 30 of its levels.
You also visited: Ossuary.

You collected 3513 gold pieces.
You spent 400 gold pieces at shops.

Inventory:

Hand Weapons
 a - a +1 shortbow of flaming
 O - a +5 longbow of freezing (weapon)
Missiles
 d - 472 arrows (quivered ammo)
Armour
 g - a +0 cloak
 m - the +4 storm dragon scales of Cepy (worn) {rElec Will++ Str+2}
   (Okawaru gifted it to you on level 6 of the Lair of Beasts)

   Str:       It affects your strength (+2).
   rElec:     It insulates you from electricity.
   Will:      It greatly increases your willpower.
 L - a +2 pair of gloves (worn)
 P - the +3 pair of seven-league boots {Rampage+∞}
   (You bought it in a shop on level 2 of the Orcish Mines)

   Its wearer moves as far as possible in that direction when moving towards
   enemies.
 Q - the +1 hat "Inubamijeh" (worn) {rF+ Stlth+}
   (You found it on level 12 of the Dungeon)

   rF:        It protects you from fire.
   Stlth:     It makes you more stealthy.
 V - a scarf of harm (worn)
 W - the +0 pair of boots of the Armadillo (worn) {rC+}
   (You found it on level 4 of the Spider Nest)

   rC:        It protects you from cold.
Jewellery
 e - a ring of willpower
 h - a ring of protection from fire (right hand)
 s - a ring of willpower
 t - an amulet of the acrobat
 u - an amulet of reflection (around neck)
 E - an amulet of guardian spirit
 F - the ring of Tugruar (left hand) {rPois rC+ Will+++ Dex-4 Stlth-}
   (You took it off a centaur on level 11 of the Dungeon)

   [ring of protection from cold]

   Dex:       It affects your dexterity (-4).
   rC:        It protects you from cold.
   rPois:     It protects you from poison.
   Will:      It greatly increases your willpower.
   Stlth:     It makes you less stealthy.
 G - a +6 ring of dexterity
 U - a +6 ring of intelligence
 X - a ring of fire
Wands
 n - a wand of paralysis (14)
 y - a wand of mindburst (25)
 C - a wand of iceblast (8)
 J - a wand of flame (21)
 K - a wand of acid (10)
 T - a wand of polymorph (8)
Scrolls
 c - a scroll of enchant weapon
 j - 8 scrolls of identify
 k - 6 scrolls of teleportation
 q - 3 scrolls of amnesia
 r - 3 scrolls of fear
 w - 10 scrolls of enchant armour
 M - 6 scrolls of magic mapping
 R - a scroll of holy word
 S - 3 scrolls of blinking
 Y - a scroll of fog
Potions
 b - 3 potions of lignification
 f - 7 potions of ambrosia
 i - 15 potions of curing
 l - 3 potions of might
 o - 8 potions of haste
 p - 6 potions of attraction
 v - 2 potions of invisibility
 x - 4 potions of resistance
 z - 6 potions of mutation
 A - 5 potions of heal wounds
 B - 4 potions of degeneration
 D - 2 potions of cancellation
 H - 5 potions of flight
 I - 5 potions of brilliance
 N - 3 potions of magic {unknown}


   Skills:
 + Level 20.6 Fighting
 - Level 20.0 Bows
 + Level 17.1 Armour
 + Level 13.5 Dodging
 - Level 0.7 Stealth
 + Level 14.5 Invocations


You had 17 spell levels left.
You didn't know any spells.
Your spell library contained the following spells:

 Spells                   Type           Power      Damage    Failure   Level
 Apportation              Tloc           0%         N/A       83%         1
 Magic Dart               Conj           0%         1d3       83%         1
 Shock                    Conj/Air       0%         1d3       83%         1
 Conjure Flame            Conj/Fire      0%         6-21      99%         3
 Dazzling Flash           Conj/Hex       0%         N/A       99%         3
 Gell's Gravitas          Tloc           0%         N/A       99%         3
 Ignite Poison            Fire/Tmut/Pois 0%         N/A       99%         3
 Lesser Beckoning         Tloc           0%         N/A       99%         3
 Stone Arrow              Conj/Erth      0%         3d7       99%         3
 Swiftness                Air            0%         N/A       99%         3
 Teleport Other           Tloc           0%         N/A       99%         3
 Airstrike                Air            0%         N/A       100%        4
 Fulminant Prism          Conj/Hex       0%         3d6       100%        4
 Iskenderun's Mystic Bla  Conj/Tloc      0%         2d3       100%        4
 Leda's Liquefaction      Hex/Erth       0%         N/A       100%        4
 Passage of Golubria      Tloc           0%         N/A       100%        4
 Petrify                  Tmut/Erth      0%         N/A       100%        4
 Sticky Flame             Conj/Fire      0%         2d3       100%        4
 Alistair's Intoxication  Tmut/Pois      0%         N/A       100%        5
 Fireball                 Conj/Fire      0%         3d3       100%        5
 Lee's Rapid Deconstruct  Erth           0%         3d5*      100%        5
 Lightning Bolt           Conj/Air       0%         1d11      100%        5
 Yara's Violent Unravell  Hex/Tmut       0%         3d3       100%        5
 Starburst                Conj/Fire      0%         6d3       100%        6
 Statue Form              Tmut/Erth      0%         N/A       100%        6
 Storm Form               Tmut/Air       0%         N/A       100%        7
 Ignition                 Fire           0%         3d3       100%        8
 Maxwell's Capacitive Co  Air            0%         ∞         100%        8
 Tukima's Dance           Hex            Unusable   N/A       N/A         3
 Summon Lightning Spire   Summ/Air       Unusable   N/A       N/A         4
 Simulacrum               Ice/Necr       Unusable   N/A       N/A         6

Dungeon Overview and Level Annotations

Branches:
Dungeon (15/15)            Temple (1/1) D:4            Lair (6/6) D:9
 Shoals (0/4) Lair:2       Spider (4/4) Lair:4        Slime (0/5) Lair:5
    Orc (2/2) D:11            Elf (1/3) Orc:2        Vaults (0/5) D:14
 Depths (0/4) D:15        Ossuary (visited)

Altars:
Ashenzari
Cheibriados
Dithmenos
Fedhas
Gozag
Makhleb
Nemelex Xobeh
Okawaru
Qazlal
Sif Muna
Trog
Uskayaw
Vehumet
Wu Jian
Xom
Beogh
Jiyva
Lugonu

Shops:
D:7 :   Orc:2 [([***

Portals:
Abyss: Lair:6

Annotations:
D:3 1 transporter, Sin92's ghost, amateur DsFi
Elf:2 3 runed translucent doors, Opsifuid's ghost, journeyman BaBe


Innate Abilities, Weirdness & Mutations

You have a pair of horns on your head.
You reflexively headbutt those who attack you in melee.
You have supernaturally acute eyesight. (SInv)
You are agile. (Dex +2)
You passively dampen the noise of your surroundings.


Message History

The deep elf archer gestures wildly while chanting.
The deep elf archer blinks!
You shoot an arrow. The arrow hits the orc warlord!!
The arrow freezes the orc warlord.
The orc warlord is almost dead.
The deep elf blademaster closely misses you.
The deep elf blademaster hits you but does no damage.
Unknown command.
You shoot an arrow. The arrow hits the orc warlord!
The arrow freezes the orc warlord.
The orc warlord is almost dead.
The orc knight hits you with a +3 battleaxe.
Opsifuid's ghost hits you.
You feel drained.
The deep elf archer unwields a +0 dagger.
The deep elf archer wields a +0 shortbow.
The deep elf archer shoots an arrow.
The arrow hits you!!
You shoot an arrow.
The arrow closely misses the orc warlord.
The stone giant hits you.
The deep elf blademaster hits you but does no damage.
You block the deep elf blademaster's attack.
The orc warlord hits you with a +1 great sword of holy wrath!
Unknown command.
You are too injured to fight recklessly!
Unknown command.
You are too injured to fight recklessly!
Unknown command.
As you read the scroll of teleportation, it crumbles to dust.
You feel strangely unstable.
The deep elf blademaster hits you but does no damage. x2
Opsifuid's ghost hits you but does no damage.
You feel drained.
The orc knight roars a battlecry!
The orc warlord goes into a battle-frenzy!
The stone giant hits you!!
* * * LOW HITPOINT WARNING * * *
The deep elf archer shoots an arrow.
The arrow hits you!
* * * LOW HITPOINT WARNING * * *
The orc warlord hits you with a +1 great sword of holy wrath!!!
You die...

#......).##...#_#...#
#....).####...[)?..)#
#####.#)'###.#8...8#.#
....###.#.##.........#
....# #.##.#?#8../8#.#
..))###.####.........#
...)).#.# #####'''####
....#)).# #....CoW..e#
##
....###.###(..(e@....#
##. #####
#)##.....o<..### ##..
#.###).[....## ##...
#.# #......># ##....
#.# ##.....## ##.....
###'###'.....# #......
#.....'###'### #......
##....(## #.# #⌠.....
#.......# #.# #......


You could see an orc warlord (strong), a deep elf blademaster, a stone giant, an
orc knight (strong), a deep elf archer (repels missiles) and Opsifuid's ghost.

Vanquished Creatures
  Arachne (Spider:2)
  Asterion (Spider:2)
  Kirke (D:13)
  Agnes (D:14)
  Louise (D:14)
  2 emperor scorpions
  2 orc warlords
  6 ghost moths
  2 deep elf sorcerers
  The ghost of angelusfrater the Warrior, a journeyman HOFi of Ashenzari (D:13)
  4 broodmothers
  A deep elf elementalist (Elf:2)
  6 entropy weavers
  2 dire elephants (Lair:5)
  A deep elf annihilator (Elf:2)
  A great orb of eyes (D:12)
  A naga warrior (Elf:2)
  4 vault guards (D:14)
  9 boulder beetles
  An ice dragon (shapeshifter) (D:14)
  7 centaur warriors
  12 hydras
  4 jorogumos
  3 death knights
  An anaconda (shapeshifter) (Spider:2)
  2 radroaches (Spider:4)
  3 catoblepae
  A tengu warrior (D:14)
  12 dancing weapons
  18 death yaks
  A two-headed ogre (D:11)
  3 thrashing horrors (Lair:6)
  Urug (D:13)
  6 orc high priests
  6 deep elf knights
  7 pharaoh ants
  A fire crab (shapeshifter) (Lair:6)
  14 skeletal warriors
  A sun moth (Spider:3)
  8 orb spiders
  2 large abominations (Lair:6)
  5 steelbarb worms
  A wizard (D:15)
  14 deep elf zephyrmancers
  3 phantasmal warriors (D:15)
  A deep elf archer (Elf:2)
  Pikel (D:7)
  A necromancer (D:15)
  21 wolf spiders
  10 orc knights
  9 deep elf pyromancers
  16 ugly things
  6 orc sorcerers
  4 manticores
  6 moths of wrath
  6 cyclopes
  A naga mage (D:15)
  A black mamba (shapeshifter) (D:15)
  16 elephants
  6 black mambas
  Maurice (D:13)
  6 torpor snails
  9 cane toads
  3 gargoyles
  3 smoke demons (Lair:6)
  Psyche (D:12)
  A kobold demonologist (D:12)
  9 komodo dragons
  4 unseen horrors
  5 rime drakes
  19 demonic crawlers
  3 freezing wraiths
  2 ancient zymes (Lair:6)
  A yaktaur (D:13)
  6 trolls
  5 polar bears
  15 meliai
  A wolf spider simulacrum (D:14)
  28 blink frogs
  28 tarantellas
  A hornet (D:9)
  6 slime creatures
  7 dream sheep (Lair:6)
  A centaur simulacrum (D:15)
  2 jumping spiders (shapeshifter)
  29 culicivoras
  27 jumping spiders
  3 shadows
  A spriggan (Lair:6)
  8 wraiths
  2 ynoxinuls (Lair:6)
  An air elemental (Elf:2)
  51 yaks
  A spriggan (shapeshifter) (Lair:6)
  4 basilisks
  2 wyverns
  A chaos spawn (Lair:6)
  2 hogs (D:13)
  4 humans (D:13)
  A fire elemental (Elf:2)
  51 redbacks
  10 vampire mosquitoes
  Menkaure (D:4)
  Duvessa (D:6)
  4 wargs
  An acid dragon (D:10)
  14 water moccasins
  An ice beast (D:7)
  6 sky beasts
  10 small abominations (Lair:6)
  37 orc warriors
  A hornet zombie (D:15)
  2 necrophages
  4 ogres
  12 centaurs
  8 wolves
  A phantom (D:4)
  19 bullfrogs
  An earth elemental (Elf:2)
  A gnoll sergeant (D:7)
  8 scorpions
  A hornet simulacrum (D:14)
  Dowan (D:6)
  5 wights (D:9)
  4 electric eels
  A bullfrog zombie (D:5)
  2 howler monkeys (D:13)
  3 jellies
  4 centaur zombies
  3 hounds
  27 orc priests
  3 gnoll shamans
  2 centaur skeletons
  Ijyb (D:4)
  23 orc wizards
  A killer bee zombie (D:5)
  8 mummies (Ossuary)
  32 gnolls
  4 adders
  2 shadow imps
  3 white imps
  An ufetubus (D:4)
  9 worms
  5 dart slugs
  73 orcs
  6 ball pythons
  8 endoplasms
  5 giant cockroaches
  7 goblins
  4 hobgoblins
  7 jackals
  3 quokkas
  3 bats
  3 frilled lizards
  A gnoll zombie (Ossuary)
  2 hobgoblin zombies (Ossuary)
  7 kobolds
  4 kobold zombies (Ossuary)
  An orc zombie (Ossuary)
  6 rats
1071 creatures vanquished.

Vanquished Creatures (others)
  An entropy weaver (Spider:4)
  An orc (D:14)
  33 fungi
  56 plants
  5 toadstools (Lair:5)
96 creatures vanquished.

Grand Total: 1167 creatures vanquished

Notes
Turn   | Place    | Note
-------+----------+-------------------------------------------
     0 | D:1      | Persephone the Minotaur Hunter began the quest for the Orb.
     0 | D:1      | Reached XP level 1. HP: 18/18 MP: 0/0
   508 | D:1      | Reached XP level 2. HP: 25/25 MP: 1/1
   899 | D:1      | Reached skill level 5 in Bows
  1350 | D:1      | Reached XP level 3. HP: 31/31 MP: 2/2
  1953 | D:2      | Reached XP level 4. HP: 14/39 MP: 3/3
  3540 | D:4      | Reached XP level 5. HP: 7/46 MP: 4/4
  3970 | D:3      | Found a burning altar of Makhleb.
  4128 | D:3      | Found a stormy altar of Qazlal.
  4128 | D:3      | Found a sparkling altar of Nemelex Xobeh.
  4130 | D:3      | Found a shimmering blue altar of Sif Muna.
  4222 | D:3      | Found a faded altar of an unknown god.
  4245 | D:3      | Noticed Sin92's ghost (amateur DsFi)
  4245 | D:3      | Noticed an ogre
  4246 | D:3      | Identified the +6 dire flail of Mana {speed, rN+ Str+8}
  4246 | D:3      | Noticed an ogre
  4247 | D:3      | Found a transporter.
  4397 | D:4      | Noticed Ijyb
  4506 | D:4      | Noticed Menkaure
  4510 | D:4      | Killed Menkaure
  4511 | D:4      | Reached XP level 6. HP: 55/55 MP: 5/5
  4539 | D:4      | Reached skill level 5 in Fighting
  4667 | D:4      | Reached XP level 7. HP: 50/61 MP: 6/6
  4884 | D:4      | Paralysed by Ijyb for 5 turns
  4893 | D:4      | Killed Ijyb
  4956 | D:4      | Found a staircase to the Ecumenical Temple.
  5086 | Temple   | Entered the Ecumenical Temple
  5114 | Temple   | Became a worshipper of Warmaster Okawaru
  5405 | D:5      | Entered Level 5 of the Dungeon
  5567 | D:5      | Found a sand-covered staircase.
  5592 | Ossuary  | Entered an ossuary
  6316 | D:5      | Reached XP level 8. HP: 63/71 MP: 7/7
  6479 | D:5      | Reached * piety under Okawaru
  6621 | D:5      | Reached skill level 10 in Bows
  7282 | D:6      | Noticed a troll
  7290 | D:6      | Killed a troll
  7505 | D:6      | Noticed Duvessa
  7505 | D:6      | Noticed Dowan
  7508 | D:6      | Killed Dowan
  7514 | D:6      | Killed Duvessa
  7514 | D:6      | Reached ** piety under Okawaru
  7528 | D:6      | Reached XP level 9. HP: 59/82 MP: 8/8
  8150 | D:7      | Noticed Pikel
  8158 | D:7      | Killed Pikel
  8158 | D:7      | Reached *** piety under Okawaru
  8487 | D:7      | Received a gift from Okawaru
  9012 | D:7      | Reached skill level 10 in Fighting
  9042 | D:7      | Found Ohaock's Book Shop.
  9200 | D:8      | You fall into a shaft and drop 2 floors!
  9200 | D:10     | Entered Level 10 of the Dungeon
  9229 | D:9      | Paralysed by a hornet for 3 turns
  9237 | D:9      | Paralysed by a hornet for 1 turns
  9678 | D:8      | Reached XP level 10. HP: 93/93 MP: 9/9
  9700 | D:8      | Found a broken altar of Ashenzari.
  9701 | D:8      | Found a shimmering altar of Xom.
  9819 | D:8      | Found a hide-covered altar of Uskayaw.
 10048 | D:8      | Noticed a deep elf zephyrmancer
 10048 | D:8      | Noticed a deep elf pyromancer
 10048 | D:8      | Noticed an orc sorcerer
 10059 | D:8      | Killed a deep elf pyromancer
 10059 | D:8      | Reached **** piety under Okawaru
 10059 | D:8      | Received a gift from Okawaru
 10067 | D:8      | Killed an orc sorcerer
 10074 | D:8      | Killed a deep elf zephyrmancer
 10074 | D:8      | Reached ***** piety under Okawaru
 10281 | D:8      | Identified the +0 leather armour of the Swan {Int+2}
 10317 | D:8      | Noticed a deep elf pyromancer
 10329 | D:8      | Killed a deep elf pyromancer
 10329 | D:8      | Identified the +0 pair of gloves "Mel Keul" {Str-2 Int+3
                  | Dex+3} (Okawaru gifted it to you on level 8 of the Dungeon)
 10329 | D:8      | Received a gift from Okawaru
 10677 | D:8      | Noticed a gargoyle
 10693 | D:8      | Killed a gargoyle
 10694 | D:8      | Reached skill level 15 in Bows
 11202 | D:8      | Found a snail-covered altar of Cheibriados.
 11220 | D:8      | Noticed a catoblepas
 11237 | D:8      | Killed a catoblepas
 11238 | D:8      | Reached XP level 11. HP: 99/104 MP: 10/10
 11935 | D:9      | Found an opulent altar of Gozag.
 12121 | D:9      | Found a staircase to the Lair.
 12307 | D:9      | Found a bloodstained altar of Trog.
 12866 | D:10     | Reached skill level 1 in Armour
 12910 | D:10     | Reached skill level 1 in Invocations
 13149 | D:10     | Got Cyiwi's Collected Works on Stones and Conjuration
 13442 | D:10     | Found an ornate altar of the Wu Jian Council.
 13605 | D:11     | Received a gift from Okawaru
 13775 | D:11     | Noticed a two-headed ogre
 13781 | D:11     | Killed a two-headed ogre
 13850 | D:11     | Identified the +0 scale mail of Okawaru's Delight {Harm
                  | rPois rC+++ Str-5} (Okawaru gifted it to you on level 11 of
                  | the Dungeon)
 13850 | D:11     | Received a gift from Okawaru
 14164 | D:11     | Identified the ring of Tugruar {rPois rC+ Will+++ Dex-4
                  | Stlth-}
 14256 | D:11     | Reached skill level 5 in Armour
 14594 | D:11     | Found a staircase to the Orcish Mines.
 15047 | Lair:1   | Entered Level 1 of the Lair of Beasts
 15082 | Lair:1   | Reached XP level 12. HP: 116/116 MP: 14/14
 15289 | Lair:1   | Reached skill level 5 in Invocations
 16870 | Lair:2   | Noticed a four-headed hydra
 16879 | Lair:2   | Killed a four-headed hydra
 17341 | Lair:2   | Found a staircase to the Shoals.
 17492 | Lair:2   | Gained mutation: You are agile. (Dex +2) [potion of
                  | mutation]
 17492 | Lair:2   | Gained mutation: You have supernaturally acute eyesight.
                  | (SInv) [potion of mutation]
 17492 | Lair:2   | Gained mutation: You passively dampen the noise of your
                  | surroundings. [potion of mutation]
 17561 | Lair:3   | Noticed a five-headed hydra
 17857 | Lair:3   | Killed a five-headed hydra
 17881 | Lair:3   | Received a gift from Okawaru
 18098 | Lair:3   | Reached skill level 15 in Fighting
 18301 | Lair:3   | Noticed a five-headed hydra
 18311 | Lair:3   | Killed a five-headed hydra
 18449 | Lair:3   | Noticed a death yak
 18461 | Lair:3   | Noticed a death yak
 18464 | Lair:3   | Killed a death yak
 18464 | Lair:3   | Received a gift from Okawaru
 18471 | Lair:3   | Noticed a death yak
 18473 | Lair:3   | Noticed a death yak
 18476 | Lair:3   | Killed a death yak
 18477 | Lair:3   | Reached XP level 13. HP: 104/127 MP: 17/17
 18481 | Lair:3   | Received a gift from Okawaru
 18756 | Lair:3   | Received a gift from Okawaru
 19817 | Lair:4   | Found a hole to the Spider Nest.
 20185 | Lair:4   | Received a gift from Okawaru
 20655 | Lair:5   | Reached ****** piety under Okawaru
 20926 | Lair:4   | Identified the +4 plate armour "Loropser" {rN+} (Okawaru
                  | gifted it to you on level 4 of the Lair of Beasts)
 20926 | Lair:4   | Received a gift from Okawaru
 21641 | Lair:5   | Noticed a dire elephant
 21641 | Lair:5   | Noticed a dire elephant
 21661 | Lair:5   | Found a runed translucent door.
 22132 | Lair:5   | Found a staircase to the Slime Pits.
 22172 | Lair:5   | Reached XP level 14. HP: 66/136 MP: 19/19
 22406 | Lair:5   | Found a viscous altar of Jiyva.
 22922 | Lair:6   | Entered Level 6 of the Lair of Beasts
 23574 | Lair:6   | Identified the +4 storm dragon scales of Cepy {rElec Will++
                  | Str+2} (Okawaru gifted it to you on level 6 of the Lair of
                  | Beasts)
 23574 | Lair:6   | Received a gift from Okawaru
 23623 | Lair:6   | Reached skill level 10 in Armour
 24791 | Lair:6   | Identified the +0 pair of gloves of the Cuttlefish {rCorr
                  | Str-4 Dex+5} (Okawaru gifted it to you on level 6 of the
                  | Lair of Beasts)
 24791 | Lair:6   | Received a gift from Okawaru
 24816 | Lair:6   | Reached skill level 5 in Dodging
 25563 | Lair:6   | Found a corrupted altar of Lugonu.
 25563 | Lair:6   | Found a one-way gate to the infinite horrors of the Abyss.
 25919 | D:10     | Identified the +10 spear of Balance {drain, rN+ Int+2}
 25944 | Orc:1    | Entered Level 1 of the Orcish Mines
 25953 | Orc:1    | You fall into a shaft and drop 1 floor!
 25953 | Orc:2    | Entered Level 2 of the Orcish Mines
 26259 | Orc:2    | Found Vegriubb's General Store.
 26330 | Orc:2    | Found a staircase to the Elven Halls.
 26476 | Orc:2    | Reached XP level 15. HP: 145/145 MP: 21/21
 26510 | Orc:2    | Found Zaotzu's Assorted Antiques.
 26510 | Orc:2    | Found Luss's Weapon Emporium.
 26511 | Orc:2    | Found Iskissok's Antique Armour Emporium.
 26525 | Orc:2    | Found Nuarchirph's Armour Shoppe.
 26716 | Orc:2    | Found Caum's Overcharged Wands.
 27078 | Orc:2    | Bought the +3 pair of seven-league boots {Rampage+∞} for
                  | 400 gold pieces
 27078 | Orc:2    | Found the +3 pair of seven-league boots {Rampage+∞}
 27437 | Orc:1    | Noticed an orc warlord
 27903 | Orc:1    | Killed an orc warlord
 28198 | D:12     | Noticed Psyche
 28203 | D:12     | Killed Psyche
 28296 | D:12     | Reached skill level 10 in Invocations
 28655 | D:12     | Identified the +1 hat "Inubamijeh" {rF+ Stlth+}
 28683 | D:12     | Identified the +8 chain mail of Okawaru's Vengeance {rPois}
                  | (Okawaru gifted it to you on level 12 of the Dungeon)
 28683 | D:12     | Received a gift from Okawaru
 28702 | D:12     | Got Tockud's Grimoire of the Glacier and Earth
 29357 | D:13     | Found a shadowy altar of Dithmenos.
 29459 | D:13     | Found a runed translucent door.
 29472 | D:13     | Noticed angelusfrater's ghost (journeyman HOFi)
 29582 | D:13     | Noticed Urug
 29596 | D:13     | Killed Urug
 29734 | D:13     | Noticed Maurice
 29737 | D:13     | Killed Maurice
 29741 | D:13     | Noticed Kirke
 29749 | D:13     | Killed Kirke
 30036 | D:13     | Killed angelusfrater's ghost
 31170 | D:14     | Identified the +0 pair of boots of Sharp the Good {+Inv
                  | rElec Str-2 Dex+4} (Okawaru gifted it to you on level 14 of
                  | the Dungeon)
 31170 | D:14     | Received a gift from Okawaru
 31248 | D:14     | Found a gate to the Vaults.
 31276 | D:14     | Noticed Agnes
 31293 | D:14     | Killed Agnes
 31623 | D:14     | Reached XP level 16. HP: 153/157 MP: 23/23
 31723 | D:14     | Noticed Louise
 31770 | D:14     | Killed Louise
 31981 | D:15     | Entered Level 15 of the Dungeon
 32816 | D:15     | Identified the +8 trident of Hofeth {drain, Fly rF- Will-
                  | Str+6}
 33072 | D:15     | Found a staircase to the Depths.
 33337 | Spider:1 | Entered Level 1 of the Spider Nest
 33399 | Spider:1 | Received a gift from Okawaru
 33538 | Spider:1 | Reached skill level 10 in Dodging
 33592 | Spider:1 | Received a gift from Okawaru
 34193 | Spider:1 | Received a gift from Okawaru
 34835 | Spider:2 | Noticed Arachne
 34844 | Spider:2 | Killed Arachne
 35045 | Spider:2 | Received a gift from Okawaru
 35154 | Spider:2 | Noticed Asterion
 35166 | Spider:2 | Killed Asterion
 35727 | Spider:2 | Received a gift from Okawaru
 35807 | Spider:2 | Reached XP level 17. HP: 164/165 MP: 25/25
 35812 | Spider:2 | Reached skill level 15 in Armour
 36250 | Spider:2 | Identified the +4 chain mail "Rucica" {rElec rC- Dex+7}
 37224 | Spider:3 | Identified the +8 plate armour "Ynibergh" {+Inv Regen+}
                  | (Okawaru gifted it to you on level 3 of the Spider Nest)
 37224 | Spider:3 | Received a gift from Okawaru
 38326 | Spider:4 | Entered Level 4 of the Spider Nest
 40162 | Spider:4 | Identified the +6 chain mail of Totzyrghain {Contam rElec
                  | Dex-2 Slay+5} (Okawaru gifted it to you on level 4 of the
                  | Spider Nest)
 40162 | Spider:4 | Received a gift from Okawaru
 40648 | Spider:4 | Identified the +0 pair of boots of the Armadillo {rC+}
 40662 | Spider:4 | Got a gossamer rune of Zot
 41617 | Elf:1    | Entered Level 1 of the Elven Halls
 41632 | Elf:1    | Reached XP level 18. HP: 113/178 MP: 27/27
 41946 | Elf:1    | Found Labir's Antique Armour Boutique.
 41961 | Elf:1    | You fall into a shaft and drop 1 floor!
 42261 | Elf:2    | Found a runed translucent gate.
 42262 | Elf:2    | Found a runed translucent gate.
 42262 | Elf:2    | Found a runed translucent gate.
 42387 | Elf:2    | Found a runed translucent gate.
 42387 | Elf:2    | Found a runed translucent gate.
 42387 | Elf:2    | Found a runed translucent gate.
 42395 | Elf:2    | Noticed Opsifuid's ghost (journeyman BaBe)
 42986 | Elf:2    | Received a gift from Okawaru
 43137 | Elf:2    | Found an iron altar of Okawaru.
 43153 | Elf:2    | Annihilated by an orc warlord

Illustrated notes

Levels and vault maps discovered:
D:1:      psy_arrival_radial01, layout_basic, minmay_cupped
D:2:      layout_loops_corners, kennysheep_cross_bottleneck
D:3:      layout_loops_ring, gammafunk_temple_overflow_claw, bloody_makhleb,
          hellmonk_ecumenical_altar_dog_temple, gammafunk_ghost_smash
D:4:      layout_gridville, minmay_temple_entry_glassed_door,
          wad_rectangle_vault, uniq_ijyb, uniq_menkaure
D:5:      layout_basic, nicolae_ossuary_entry_monument, minmay_strange_pillars
D:6:      nicolae_cairo_tiling_very_big, layout_loops_ring,
          serial_co_window_serial, co_window_corner_a,
          co_window_of_opportunity_a, co_window_of_opportunity_a,
          co_window_corner_a, co_window_paths_b, co_window_cross_4,
          co_window_broadway_a, co_window_of_opportunity_c, co_window_paths_e,
          glass_columns_b, uniq_duvessa
D:7:      layout_basic, serial_shops, nicolae_square_shop, uniq_pikel
D:8:      minmay_the_grid_plus [minmay_the_grid_outer_diamond,
          minmay_the_grid_expand, minmay_the_grid_tiny_cups,
          minmay_the_grid_tri_star, minmay_the_grid_prize_inner_circle],
          layout_gridville, overflow_temple_1_default,
          gammafunk_temple_overflow_forgotten
D:9:      layout_loops_ring, marbit_many_paths,
          nicolae_gozag_cash_rules_everything_around_me, david_lair_shrubbed,
          minivault_22, serial_park_tiny_1, grunt_decor_mini_mirrors
D:10:     layout_rooms, nzn_wu_jian_contemplation, kennysheep_windowed_goal
D:11:     layout_basic, david_orc_3
D:12:     layout_loops_ring, minmay_mirror_moons_of_madness, uniq_psyche
D:13:     layout_roguey, ebering_ghost_reflecting_pool,
          nicolae_dithmenos_through_a_glass_darkly, uniq_maurice, uniq_kirke,
          uniq_urug
D:14:     layout_stronghold, lightli_vaults_fourway_checkpoint, grunt_decor_cap,
          uniq_louise, uniq_agnes
D:15:     grunt_enter_depths_magical_seal, layout_basic, serial_bayou_pond_d,
          hangedman_abyss_or_decor_passed, amcnicky_mini_pool_small,
          eino_curves_04
Temple:   bh_familiar_temple
Lair:1:   layout_cave_pods, mumra_transporter_accident, grunt_megastairs_4
Lair:2:   layout_chaotic_city, shoals_dummy_entry, lemuel_old_faithful
Lair:3:   layout_cave_shapes, st_stairs_11, grunt_megastairs_5
Lair:4:   layout_regular_city, nicolae_spider_entry_non_spiders,
          grunt_megastairs_3
Lair:5:   gammafunk_lair_enchanted_lake, layout_gridlike, slime_altar_1,
          chequers_serial_rivers_room_a, grunt_megastairs_1
Lair:6:   hellmonk_lair_end_abyssal_woods, layout_loops_ring,
          serial_bayou_shore_b, serial_bayou_shore_a
Spider:1: layout_spider_delve, nicolae_spider_not_touching_you
Spider:2: layout_spider_delve, hellmonk_deceptive_appearances, uniq_asterion,
          uniq_arachne
Spider:3: nicolae_spider_hilbert_zone_4 [nicolae_spider_hilbert_4_sides_2_open,
          nicolae_spider_hilbert_4_sides_1_open,
          nicolae_spider_hilbert_4_sides_1_open,
          nicolae_spider_hilbert_4_sides_1_open,
          nicolae_spider_hilbert_4_sides_1_open,
          nicolae_spider_hilbert_2_sides_1_open,
          nicolae_spider_hilbert_2_sides_1_open,
          nicolae_spider_hilbert_2_sides_1_open,
          nicolae_spider_hilbert_2_sides_1_open,
          nicolae_spider_hilbert_6_sides_1_open,
          nicolae_spider_hilbert_6_sides_1_open,
          nicolae_spider_hilbert_3_sides_1_open,
          nicolae_spider_hilbert_3_sides_1_open]
Spider:4: grunt_spider_rune_parallel, worms_lemuel
Orc:1:    layout_caves, basic_altar, nicolae_orc_tapped_out
Orc:2:    st_orc_mages, layout_caves, serial_shops, nicolae_square_shop,
          nicolae_shop_overcharged_wands
Elf:1:    kennysheep_room_grid, layout_loops_corners, serial_shops, shop,
          serial_glass, glass_columns_b, glass_columns_b,
          hangedman_elven_crosses_minicolossus
Elf:2:    nicolae_elf_blades_crystal_corner, layout_geoelf_diagonals,
          special_room [special_room_orc], gammafunk_ghost_fury_of_okawaru

Skill      XL: |  1  2  3  4  5  6  7  8  9 10 11 12 13 14 15 16 17 18 |
---------------+-------------------------------------------------------+-----
Bows           | 5 6 7 8 9 11 13 15 16 19 20 | 20.0
Fighting       | 3 4 5 6 8 10 11 13 15 16 17 19 20 | 20.6
Armour         | 5 9 11 13 14 16 17 | 17.1
Invocations    | 4 7 8 9 11 12 14 | 14.5
Dodging        | 5 8 10 12 13 | 13.5
Stealth        | |  0.7

Action                   |  1- 3 |  4- 6 |  7- 9 | 10-12 | 13-15 | 16-18 || total
-------------------------+-------+-------+-------+-------+-------+-------++-------
Melee: Short sword       |    83 |    61 |       |       |       |       ||   144
       Headbutt          |    15 |     5 |     1 |       |       |     1 ||    22
       Punch             |     3 |     1 |       |       |       |     1 ||     5
       Shortbow          |       |       |     3 |     2 |       |       ||     5
       Unarmed           |       |       |       |       |       |     7 ||     7
 Fire: Shortbow          |    11 |    74 |   409 |   861 |    33 |       ||  1388
       Longbow           |       |       |       |       |  1348 |  1491 ||  2839
Invok: Finesse           |       |       |       |     1 |     7 |    10 ||    18
  Use: Scroll            |       |     5 |    12 |    12 |     6 |     7 ||    42
       Potion            |       |       |     4 |     3 |     2 |       ||     9
 Stab: Sleeping          |     1 |     1 |       |       |       |       ||     2
Armor: Leather armour    |    19 |    19 |       |       |       |       ||    38
       Scale mail        |       |     7 |     6 |    30 |    56 |       ||    99
       Ring mail         |       |       |    52 |    75 |       |       ||   127
       Storm dragon scal |       |       |       |       |   187 |   375 ||   562
Dodge: Dodged            |    59 |    40 |    58 |   103 |   163 |   300 ||   723
Block: Other             |       |       |    14 |    58 |    78 |   119 ||   269
       Reflection        |       |       |     1 |     7 |     3 |     5 ||    16
